 Dungeon Crawl Stone Soup version 0.28.0-53-g5a82cb258f (webtiles) character file.

Game seed: 5889140387858326825

750 mcbry74 the Stinger (level 7, -1/41 HPs)
             Began as a Merfolk Venom Mage on July 5, 2022.
             Was a Believer of Hepliaklqana.
             Slain by a gnoll
             ... wielding a +0 club
              (5 damage)
             ... on level 6 of the Dungeon.
             The game lasted 00:33:14 (7640 turns).

mcbry74 the Stinger (Merfolk Venom Mage)            Turns: 7640, Time: 00:33:15

Health: -1/41      AC:  3    Str:  8    XL:     7   Next: 78%
Magic:  10/10      EV: 16    Int: 16    God:    Hepliaklqana [**....]
Gold:   210        SH:  0    Dex: 15    Spells: 4/10 levels left

rFire   . . .      SeeInvis .   v - +1 trident (vorpal)
rCold   . . .      Faith    .   (no shield)
rNeg    . . .      Spirit   .   a - +0 robe
rPois   +          Reflect  .   h - +0 helmet
rElec   .          Harm     .   (no cloak)
rCorr   .          Rampage  .   (no gloves)
Will    .....                   (no boots)
Stlth   ++........              (no amulet)
HPRegen 0.13/turn               z - +4 ring of evasion
MPRegen 0.12/turn               j - ring of poison resistance

@: no status effects
A: reduced essence, (nimble swimmer 2), mertail
a: Renounce Religion, Recall Ancestor, Ancestor Identity


You were on level 6 of the Dungeon.
You worshipped Hepliaklqana.
Hepliaklqana was pleased with you.
You visited 1 branch of the dungeon, and saw 6 of its levels.

You collected 210 gold pieces.

Inventory:

Hand Weapons
 d - a +0 dagger
 g - a +0 spear
 u - a +0 trident
 v - a +1 vorpal trident (weapon)
Missiles
 c - 137 stones
 w - a boomerang
Armour
 a - a +0 robe (worn)
 h - a +0 helmet (worn)
Jewellery
 j - a ring of poison resistance (right hand)
 p - a ring of see invisible
 z - a +4 ring of evasion (left hand)
Wands
 o - a wand of flame (16)
 r - a wand of iceblast (7)
 y - a wand of acid (9)
Scrolls
 b - a scroll of immolation {unknown}
 f - a scroll of blinking
 n - 4 scrolls of magic mapping
 q - a scroll of brand weapon {unknown}
Potions
 e - 2 potions of curing
 i - a potion of might
 k - 2 potions of brilliance {unknown}
 l - 2 potions of haste
 m - a potion of invisibility {unknown}
 s - a potion of degeneration {unknown}
 t - 2 potions of mutation
 x - 2 potions of lignification {unknown}
 A - 2 potions of heal wounds {unknown}


   Skills:
 + Level 5.1 Polearms
 - Level 2.6 Dodging
 - Level 2.1 Stealth
 + Level 2.3 Spellcasting
 - Level 2.0 Conjurations
 - Level 1.3 Transmutations
 - Level 2.1 Air Magic
 * Level 7.4 Poison Magic


You had 4 spell levels left.
You knew the following spells:

 Your Spells              Type           Power      Damage    Failure   Level
a - Sting                 Tmut/Pois      60%        1d6       3%          1
b - Poisonous Vapours     Pois/Air       34%        N/A       4%          2
c - Mephitic Cloud        Conj/Pois/Air  14%        N/A       12%         3

Your spell library contained the following spells:

 Spells                   Type           Power      Damage    Failure   Level
 Olgreb's Toxic Radiance  Pois           25%        N/A       10%         4


Dungeon Overview and Level Annotations

Branches:
Dungeon (6/15)
 Temple: D:4-7

Altars:
Hepliaklqana
Kikubaaqudgha
The Shining One

Shops:
D:4 *:

Annotations:
D:3 2 runed translucent doors, zielscheibe's ghost, weakling DgIE


Innate Abilities, Weirdness & Mutations

Your life essence is reduced to manifest your ancestor. (-10% HP)
((You are very nimble when in or above water. (Stealth+, EV+, Speed+++)))
Your lower body shifts to a powerful aquatic tail in water.


Message History

Aiming: Poisonous Vapours (safe; 4% risk of failure)
Press: ? - help, Dir - move target, f - centaur
Aim: a centaur, wielding a +0 shortbow and quivering arrows Poisonous vapours surround the centaur!
The centaur is poisoned.
A bullfrog comes into view.
The centaur shoots an arrow.
The arrow closely misses you.
The arrow hits the orc.
The orc is engulfed in noxious fumes.
The orc appears confused.
The bullfrog moves out of view.
Casting: Poisonous Vapours (safe; 4% risk of failure)
Confirm with . or Enter, or press ? or * to list all spells.
Aiming: Poisonous Vapours (safe; 4% risk of failure)
Press: ? - help, Dir - move target, f/p - centaur
Aim: a centaur, wielding a +0 shortbow and quivering arrows (lightly wounded, poisoned) Poisonous vapours surround the centaur!
The centaur looks even sicker.
The centaur shoots an arrow.
The arrow misses you.
The arrow hits the orc!
The orc dies!
The orc is engulfed in noxious fumes.
The orc appears confused.
The centaur shoots an arrow.
The arrow barely misses you.
The arrow hits the orc!
The orc dies!
The centaur shoots an arrow.
The arrow misses you.
You climb upwards.
There is a stone staircase leading down here.
You start resting.
Magic restored.
There is a stone staircase leading down here.
You climb downwards.
The gnoll shouts! x3; The gnoll sergeant shouts!
The gnoll hits you from afar with a +0 spear.
The iguana closely misses you.
The centaur zombie closely misses Snaaib.
Snaaib blocks the centaur zombie's attack.
The gnoll hits you from afar with a +0 spear!
The gnoll sergeant hits you with a +1 spear of distortion!
Space warps horribly around you!
* * * LOW HITPOINT WARNING * * *
The gnoll hits you from afar with a +0 spear.
* * * LOW HITPOINT WARNING * * *
The iguana misses you. The gnoll hits you with a +0 club.
You die...

.# #####.#
#.....##.
.......(
##.....#
##......#
.####.gl.g..#
......g@RZ..#
##.##^......#
..g.#g....#
##..######.#
..... .# ####
.. .#
#F####o#
#....o)#
#..o>○.#


You could see the friendly Snaaib the knight, a gnoll sergeant, an iguana, 4
gnolls and a centaur zombie.

Vanquished Creatures
  A water moccasin (D:4)
  A phantom (D:5)
  A jelly (D:4)
  3 hounds
  2 orc wizards
  A howler monkey zombie (D:5)
  Robin (D:1)
  A gnoll (D:3)
  3 adders
  A howler monkey skeleton (D:5)
  2 worms
  3 dart slugs
  10 orcs
  6 endoplasms
  A giant cockroach (D:2)
  7 hobgoblins
  7 jackals
  6 kobolds
  8 ball pythons
  6 bats
  2 frilled lizards (D:2)
  13 goblins
  5 rats
91 creatures vanquished.

Vanquished Creatures (collateral kills)
  A water moccasin skeleton (D:5)
  A hound (D:5)
  An orc priest (D:5)
  Ijyb (D:5)
  An iguana (D:5)
  An orc wizard (D:5)
  An adder (D:3)
  An ufetubus (D:5)
  A worm (D:5)
  6 orcs
  An endoplasm (D:4)
  A goblin (D:4)
  A jackal (D:4)
  A quokka (D:4)
  A ball python (D:4)
  A quokka skeleton (D:4)
21 creatures vanquished.

Vanquished Creatures (others)
  4 ancestors
  2 orcs (D:6)
  A plant (D:3)
7 creatures vanquished.

Grand Total: 119 creatures vanquished

Notes
Turn   | Place    | Note
-------+----------+-------------------------------------------
     0 | D:1      | mcbry74 the Merfolk Venom Mage began the quest for the Orb.
     0 | D:1      | Reached XP level 1. HP: 13/13 MP: 3/3
   134 | D:1      | Reached XP level 2. HP: 19/19 MP: 3/5
   194 | D:1      | Reached skill level 4 in Poison Magic
   800 | D:1      | Reached XP level 3. HP: 24/24 MP: 3/6
  1352 | D:1      | Learned a level 2 spell: Poisonous Vapours
  1395 | D:2      | Noticed Robin
  1572 | D:1      | Killed Robin
  1573 | D:1      | Reached skill level 1 in Polearms
  1856 | D:2      | Reached skill level 5 in Poison Magic
  2019 | D:2      | Reached XP level 4. HP: 26/30 MP: 5/7
  2560 | D:2      | Learned a level 3 spell: Mephitic Cloud
  3358 | D:3      | Found a faded altar of an unknown god.
  3361 | D:3      | Prayed at the altar of an unknown god.
  3361 | D:3      | Became a worshipper of Hepliaklqana the Forgotten
  3361 | D:3      | Reached * piety under Hepliaklqana
  3614 | D:3      | Reached XP level 5. HP: 31/31 MP: 1/8
  3682 | D:3      | Found a large runed translucent door.
  3685 | D:3      | Found a large runed translucent door.
  3860 | D:3      | Reached skill level 1 in Air Magic
  4150 | D:3      | Found a large runed translucent door.
  4152 | D:3      | Found a large runed translucent door.
  4154 | D:3      | Noticed zielscheibe's ghost (weakling DgIE)
  4243 | D:3      | Found a glowing golden altar of the Shining One.
  4367 | D:3      | Found an ancient bone altar of Kikubaaqudgha.
  4374 | D:3      | Reached skill level 1 in Conjurations
  4542 | D:4      | Reached XP level 6. HP: 36/36 MP: 9/9
  4652 | D:4      | Found Jycs's Book Shoppe.
  4653 | D:4      | Noticed a water moccasin
  4665 | D:4      | Killed a water moccasin
  4666 | D:4      | Reached skill level 6 in Poison Magic
  5258 | D:4      | Found Ruabatul's Lightly-Used Armoury.
  5258 | D:4      | Identified the +1 leather armour "Baschuwn" {-Tele Regen+
                  | Str+7 Stlth-}
  5724 | D:5      | Entered Level 5 of the Dungeon
  5733 | D:5      | Reached XP level 7. HP: 40/41 MP: 10/10
  5791 | D:5      | Reached ** piety under Hepliaklqana
  5792 | D:5      | Remembered your ancestor Snaaib as a knight
  5968 | D:5      | Reached skill level 7 in Poison Magic
  6538 | D:5      | Reached skill level 5 in Polearms
  6643 | D:5      | Noticed Ijyb
  6650 | D:5      | Killed Ijyb
  7640 | D:6      | Slain by a gnoll

Illustrated notes

Levels and vault maps discovered:
D:1:      minmay_arrival_pointy, layout_basic
D:2:      cheibrodos_helix_gallery, layout_rooms, minmay_misc_feat_ornament,
          uniq_robin
D:3:      layout_basic, jmf_multi_god_temple2,
          shapermc_ecumenical_altar_hornbeckon, ebering_ghost_disaster_area,
          cheibrodos_gnoll_hut
D:4:      layout_rooms, serial_shops, nicolae_stop_n_shop_1, roderic_lattice_a,
          hex_intersection, minmay_shop_damaged
D:5:      layout_layer_cave, grunt_decor_mini_mirrors, uniq_ijyb
D:6:      layout_rooms

Skill      XL: |  1  2  3  4  5  6  7 |
---------------+----------------------+-----
Poison Magic   | 4 5 6 7 |  7.4
Polearms       | 1 2 3 4 5 |  5.1
Air Magic      | 1 2 |  2.1
Conjurations   | 1 2 |  2.0
Dodging        | |  2.6
Stealth        | |  2.1
Spellcasting   | |  2.3
Transmutations | |  1.3

Action                   |  1- 3 |  4- 6 |  7- 9 || total
-------------------------+-------+-------+-------++-------
Melee: Unarmed           |     1 |       |       ||     1
       Spear             |    25 |    90 |       ||   115
       Dagger            |     2 |       |       ||     2
       Tailslap          |       |     1 |       ||     1
       Trident           |       |    26 |    48 ||    74
       Punch             |       |     1 |       ||     1
 Cast: Sting             |    39 |    22 |     3 ||    64
       Poisonous Vapours |     9 |    33 |    21 ||    63
       Mephitic Cloud    |       |       |     1 ||     1
Invok: Ancestor Identity |       |     1 |       ||     1
       Ancestor Life: Kn |       |       |     1 ||     1
  Use: Scroll            |       |     7 |     2 ||     9
 Stab: Sleeping          |       |     3 |       ||     3
       Distracted        |       |     1 |       ||     1
Armor: Robe              |    14 |    16 |     4 ||    34
Dodge: Dodged            |    42 |    45 |    22 ||   109
